 Dungeon Crawl Stone Soup version 0.16-a0-3159-ge6ac362 (webtiles) character file.

357 SharpStick the Poker (level 6, 0/44 (48) HPs)
             Began as a Salamander Gladiator on Aug 2, 2015.
             Killed from afar by an orc wizard (8 damage)
             ... with a puff of flame
             ... on level 3 of the Dungeon.
             The game lasted 00:15:43 (4404 turns).

SharpStick the Poker (Salamander Gladiator)         Turns: 4404, Time: 00:15:43

HP:   0/44 (48)     AC: 13    Str: 17    XL:     6   Next: 37%
MP:   8/8           EV:  8    Int:  8    God:
Gold: 135           SH:  0    Dex: 14    Spells: 0 memorised, 5 levels left

rFire  . . .     SeeInvis .     a - +0 trident
rCold  x . .     Clarity  .     r - +0 chain mail
rNeg   . . .     SustAb   .     (no shield)
rPois  .         Gourm    .     c - +0 helmet
rElec  .         Spirit   .     (no cloak)
rCorr  +         Warding  .     q - +0 pair of gloves
rMut   .         Stasis   .     (no barding)
MR     .....                    e - amulet of resist corrosion
Stlth  ..........               (no ring)
                                (no ring)

@: very slow, not resistant to hostile enchantments, extremely unstealthy
A: fiery attack, slowness 2, tough skin 2, cold vulnerability 1
a: no special abilities


You were on level 3 of the Dungeon.
You were hungry.

You visited 1 branch of the dungeon, and saw 4 of its levels.

You collected 135 gold pieces.

Inventory:

Hand weapons
 a - a +0 trident (weapon)
 b - a +0 blowgun
 o - a +2 dagger of pain
Missiles
 d - 3 throwing nets (quivered)
 j - 3 tomahawks
 l - 21 poisoned needles
Armour
 c - a +0 helmet (worn)
 q - a +0 pair of gloves (worn)
 r - a +0 chain mail (worn)
Jewellery
 e - an amulet of resist corrosion (around neck)
 k - an uncursed ring of teleportation
Magical devices
 u - a wand of magic darts (45)
Scrolls
 g - 2 scrolls of immolation
 t - a scroll of remove curse
Potions
 i - a potion of lignification
Comestibles
 f - a bread ration


   Skills:
 - Level 2.1 Fighting
 - Level 6.0 Polearms
 - Level 1.7 Throwing
 + Level 3.6 Armour
 - Level 3.0 Dodging


You had 5 spell levels left.
You didn't know any spells.

Dungeon Overview and Level Annotations

Branches:
Dungeon (4/15)
 Temple: D:4-7

Altars:
Dithmenos
Sif Muna


Innate Abilities, Weirdness & Mutations

Your melee attacks set your foes ablaze.
You cannot wear boots.
You cover ground very slowly.
You have very tough skin (AC +2).
You are vulnerable to cold.


Message History

Aim: an orc wizard, wielding a dagger and wearing a robe You reach to attack!
You swing wildly.
Attack whom?
Press: ? - help, Dir - move target cursor, f/p - orc wizard
Aim: an orc wizard, wielding a dagger and wearing a robe You reach to attack!
You swing wildly.
Attack whom?
Press: ? - help, Dir - move target cursor, f/p - orc wizard
Aim: an orc wizard, wielding a dagger and wearing a robe You swing wildly.
The magic dart hits you!
* * * LOW HITPOINT WARNING * * *
Attack whom?
Press: ? - help, Dir - move target cursor, f/p - orc wizard
Aim: an orc wizard, wielding a dagger and wearing a robe You reach to attack!
You swing wildly.
You feel less confused. The magic dart hits you!
* * * LOW HITPOINT WARNING * * *
The puff of flame hits you!
You die...

#.##.......# #.#....# #.......
#..........# #.#....# #.......
####.....#####.#....# #.......
####.........#########.#####.
#.........#..........# ###
########....#########.....).###..
...........##..######.........#..
....####...#..8#..≈.#......(#.#..
....##......._.'@.≈o#.......#.#..
....##...###..8#..§{#.........#..
....##...####..######.........###
.....#......##########..#........
....[#....###.# #...#...#.....#.#
.....#....# #.# #...#..##.....#.#
.....#....###.# #......######.#..
..............# ##............###
######...#########..#............


You could see an orc wizard.

Vanquished Creatures
  A goliath beetle (D:3)
  3 orc priests (D:3)
  2 orc wizards (D:3)
  Ijyb (D:2)
  An adder (D:2)
  A giant mite (D:3)
  5 worms
  3 giant geckos (D:3)
  An ooze (D:2)
  8 orcs (D:3)
  A giant cockroach (D:2)
  16 goblins
  7 hobgoblins
  5 jackals
  A quokka (D:2)
  11 bats
  3 giant newts
  9 kobolds
  8 rats
87 creatures vanquished.

Vanquished Creatures (others)
  An orc priest (D:3)
1 creature vanquished.

Grand Total: 88 creatures vanquished

Notes
Turn   | Place    | Note
--------------------------------------------------------------
     0 | D:1      | SharpStick, the Salamander Gladiator, began the quest for the Orb.
     0 | D:1      | Reached XP level 1. HP: 17/17 MP: 1/1
   454 | D:1      | Reached XP level 2. HP: 24/24 MP: 3/3
   456 | D:1      | Reached skill level 4 in Polearms
   960 | D:2      | Reached XP level 3. HP: 29/29 MP: 4/4
  1033 | D:2      | Noticed Ijyb
  1073 | D:2      | Killed Ijyb
  1073 | D:2      | Reached skill level 5 in Polearms
  1364 | D:2      | Reached XP level 4. HP: 36/36 MP: 5/5
  2332 | D:3      | Found a deep blue altar of Sif Muna.
  2812 | D:3      | Reached skill level 6 in Polearms
  2913 | D:3      | Reached skill level 1 in Armour
  2915 | D:3      | Reached XP level 5. HP: 16/37 MP: 7/7
  3548 | D:3      | Found a shadowy altar of Dithmenos.
  3638 | D:3      | Reached XP level 6. HP: 15/44 MP: 8/8
  4404 | D:3      | Killed from afar by an orc wizard

Action                   |  1- 3 |  4- 6 || total
-------------------------+-------+-------++-------
Melee: Trident           |   133 |   207 ||   340
  Use: Scroll            |     3 |     8 ||    11
       Potion            |       |     8 ||     8
 Stab: Invisible         |       |     3 ||     3
  Eat: Chunk             |     1 |    10 ||    11
